 Dungeon Crawl Stone Soup version 0.17.0-23-g0de4337 (console) character file.

16 gw the Shooter (level 2, -5/19 HPs)
             Began as a High Elf Hunter on Nov 15, 2015.
             Was an Initiate of Nemelex Xobeh.
             Slain by a hobgoblin
             ... wielding a +0 mace
              (9 damage)
             ... on level 2 of the Dungeon.
             The game lasted 00:01:06 (1128 turns).

gw the Shooter (High Elf Hunter)                    Turns: 1128, Time: 00:01:06

Health: -5/19      AC:  6    Str: 16    XL:     2   Next: 41%
Magic:  3/3        EV: 12    Int: 14    God:    Nemelex Xobeh [......]
Gold:   44         SH:  0    Dex: 15    Spells: 0 memorised, 1 level left

rFire  . . .     SeeInvis .     a - +1 shortbow
rCold  . . .     Clarity  .     d - +0 leather armour
rNeg   . . .     SustAt   .     (shield currently unavailable)
rPois  .         Gourm    .     (no helmet)
rElec  .         Spirit   .     (no cloak)
rCorr  .         Warding  .     h - +0 pair of gloves
rMut   .         Stasis   .     (no boots)
MR     .....                    (no amulet)
Stlth  ++........               (no ring)
                                (no ring)

@: mighty, exhausted, stone skin, slowed, very slow, not resistant to hostile
enchantments, unstealthy
A: no striking features
a: Renounce Religion


You were on level 2 of the Dungeon.
You worshipped Nemelex Xobeh.
Nemelex Xobeh was noncommittal.
You were very hungry.

You visited 1 branch of the dungeon, and saw 2 of its levels.

You collected 44 gold pieces.

Inventory:

Hand Weapons
 a - a +1 shortbow (weapon)
 c - a +0 short sword
Missiles
 b - 15 arrows (quivered)
Armour
 d - a +0 leather armour (worn)
 h - a +0 pair of gloves (worn)
Scrolls
 l - a scroll of remove curse
Potions
 f - a potion of poison {unknown}
Miscellaneous
 j - an ornate deck of war {drawn: 4}
Comestibles
 e - a bread ration


   Skills:
 + Level 2.2 Fighting
 * Level 5.8 Bows
 + Level 2.5 Dodging
 - Level 1.1 Stealth
 * Level 0.2 Evocations


You had one spell level left.
You didn't know any spells.

Dungeon Overview and Level Annotations

Branches:
Dungeon (2/15)

Altars:
Nemelex Xobeh
Okawaru


Message History

You draw a card...
It is the Potion.
You feel very mighty all of a sudden. The adder bites you but does no damage.
The hobgoblin closely misses you. The giant cockroach closely misses you.
The adder closely misses you.
You clumsily bash the adder.
The adder is moderately wounded.
Your fortitude fades away.
The giant cockroach barely misses you. The adder closely misses you.
The hobgoblin hits you with a mace. The giant cockroach closely misses you.
The adder barely misses you. The hobgoblin hits you with a mace.
The giant cockroach bites you but does no damage.
The adder bites you.
Evoke which item? (* to show all) (? for menu, Esc to quit)
You draw a card...
It is the Helm.
Your skin hardens.
The adder barely misses you. The giant cockroach misses you.
The hobgoblin hits you but does no damage.
The adder bites you but does no damage. The giant cockroach closely misses you.
The hobgoblin hits you with a mace!
You die...
Your body disappears without a glow.

####### #.........# #...%.....#
#####################.........#
..%.....[.....................#
###############################
........................[
#################......#
##.g.#...# #(es## .g..
#(.S........ #..#.).).#.
#.##.._..# .. #.).).# #..
.......( #.# .###... #. .. ...


You could see an adder, a giant cockroach and a hobgoblin.

Table legend:
 A = Turns spent in this place as a percentage of turns spent in the entire game.
 B = Non-inter-level travel turns spent in this place as a percentage of non-inter-level travel turns spent in the entire game.
 C = Inter-level travel turns spent in this place as a percentage of turns spent in this place.
 D = Turns resting spent in this place as a percentage of non-inter-level travel turns spent in this place.
 E = Turns spent auto-exploring this place as a percentage of non-inter-level travel turns spent in this place.
 F = Non-inter-level travel turns spent in this place divided by the number of levels of this place that you've seen.
                   A       B       C       D       E      F
               +-------+-------+-------+-------+-------+----------------------
         Total | 100.0 | 100.0 |   0.1 |   0.2 |   3.3 | 640.0
       Dungeon | 100.0 | 100.0 |   0.1 |   0.2 |   3.3 | 640.0
               +-------+-------+-------+-------+-------+----------------------

Table legend:
 A = Kills in this place as a percentage of kills in entire the game.
 B = Kills by you in this place as a percentage of kills by you in the entire game.
 C = Kills by friends in this place as a percentage of kills by friends in the entire game.
 D = Other kills in this place as a percentage of other kills in the entire game.
 E = Experience gained in this place as a percentage of experience gained in the entire game.
 F = Experience gained in this place divided by the number of levels of this place that you have seen.
                   A       B       C       D       E      F
               +-------+-------+-------+-------+-------+----------------------
         Total | 100.0 | 100.0 |  -nan |  -nan | 100.0 |  12.0
       Dungeon | 100.0 | 100.0 |  -nan |  -nan | 100.0 |  12.0
               +-------+-------+-------+-------+-------+----------------------

Vanquished Creatures
  5 goblins (D:1)
  2 hobgoblins
  A ball python (D:1)
  3 giant cockroaches
  A giant newt (D:2)
  3 kobolds
  A rat (D:2)
16 creatures vanquished.

Notes
Turn   | Place    | Note
--------------------------------------------------------------
     0 | D:1      | gw the High Elf Hunter began the quest for the Orb.
     0 | D:1      | Reached XP level 1. HP: 14/14 MP: 2/2
   358 | D:1      | Found a sparkling altar of Nemelex Xobeh.
   366 | D:1      | Became a worshipper of Nemelex Xobeh the Trickster
   458 | D:1      | Received a gift from Nemelex Xobeh
   482 | D:1      | Reached XP level 2. HP: 19/19 MP: 3/3
  1108 | D:2      | Found an iron altar of Okawaru.
  1128 | D:2      | Slain by a hobgoblin

Action                   || total
-------------------------++-------
Melee: Short sword       ||    24
       Shortbow          ||    10
 Fire: Shortbow          ||    18
Evoke: Deck              ||     4
  Use: Scroll            ||     5
 Stab: Sleeping          ||     1

Vault maps used:
D:1:      dpeg_arrival_chambers_temple_mockup, minmay_stone_trees_medium,
          nemelex_altar_shiori
D:2:      okawaru_ov_weapons_minmay
